 Dungeon Crawl Stone Soup version 0.28.0-43-g3370ac3207 (webtiles) character file.

Game seed: 5220838347874431488

30704 Gabide the Earth Mage (level 13, 0/79 HPs)
             Began as a Gargoyle Earth Elementalist on Mar 10, 2022.
             Was a High Priest of Vehumet.
             Slain by a two-headed ogre
             ... wielding a +0 giant club
              (21 damage)
             ... on level 2 of the Orcish Mines.
             The game lasted 00:54:21 (23480 turns).

Gabide the Earth Mage (GrEE)                       Turns: 23480, Time: 00:54:21

Health: 0/79       AC: 17    Str: 12    XL:     13   Next: 53%
Magic:  19/38      EV: 14    Int: 21    God:    Vehumet [*****.]
Gold:   795        SH:  0    Dex: 10    Spells: 23/36 levels left

rFire   . . .      SeeInvis +   i - staff of earth
rCold   . . .      Faith    .   (no shield)
rNeg    + . .      Spirit   .   F - +2 robe {Archmagi}
rPois   ∞          Reflect  .   s - +2 hat
rElec   +          Harm     .   d - +0 cloak
rCorr   .          Rampage  .   (no gloves)
Will    .....      Archmagi +   u - +0 pair of boots
Stlth   ++........              m - amulet of magic regeneration
HPRegen 0.23/turn               n - ring of magical power
MPRegen 0.66/turn               D - ring of see invisible

@: no status effects
A: sickness immunity, AC +9, negative energy resistance 1, electricity
resistance, torment resistance 1, petrification resistance
a: Renounce Religion


You were on level 2 of the Orcish Mines.
You worshipped Vehumet.
Vehumet was extremely pleased with you.
You visited 3 branches of the dungeon, and saw 16 of its levels.
You visited 1 bazaar.

You collected 1495 gold pieces.
You spent 700 gold pieces at shops.

Inventory:

Hand Weapons
 h - a +0 whip of electrocution
 z - the +4 hand axe of Gallantry {flame, rN+ Str+2}
   (You took it off an orc on level 8 of the Dungeon)

   It burns those it strikes, dealing additional fire damage.
   Big, fiery blades are also staple armaments of hydra-hunters.
   Str:       It affects your strength (+2).
   rN:        It protects you from negative energy.
Missiles
 c - 215 stones
Armour
 d - a +0 cloak (worn)
 s - a +2 hat (worn)
 u - a +0 pair of boots (worn)
 F - a +2 robe of the Archmagi (worn)
Magical Staves
 i - a staff of earth (weapon)
Jewellery
 m - an amulet of magic regeneration (around neck)
 n - a ring of magical power (left hand)
 q - a +6 ring of strength
 t - a ring of positive energy
 D - a ring of see invisible (right hand)
Wands
 e - a wand of flame (52)
 x - a wand of polymorph (9)
Scrolls
 g - a scroll of teleportation
 p - a scroll of identify
 B - 2 scrolls of magic mapping
 E - a scroll of amnesia
Potions
 a - a potion of might
 b - a potion of haste
 f - 4 potions of curing
 j - a potion of cancellation
 k - 3 potions of lignification
 l - 3 potions of brilliance
 r - a potion of magic
 v - a potion of resistance
 w - a potion of attraction {unknown}


   Skills:
 * Level 8.3 Fighting
 + Level 1.4 Maces & Flails
 + Level 0.2 Armour
 * Level 6.7 Dodging
 + Level 4.4 Stealth
 + Level 0.1 Unarmed Combat
 * Level 12.4 Spellcasting
 + Level 7.3 Conjurations
 + Level 0.2 Necromancy
 + Level 1.1 Transmutations
 * Level 15.5 Earth Magic


You had 23 spell levels left.
You knew the following spells:

 Your Spells              Type           Power      Damage    Failure   Level
a - Sandblast             Erth           100%       2d20      0%          1
b - Stone Arrow           Conj/Erth      100%       3d13      1%          3
c - Petrify               Tmut/Erth      83%        N/A       1%          4
d - Borgnjor's Vile Clut  Necr/Erth      40%        N/A       5%          5

Your spell library contained the following spells:

 Spells                   Type           Power      Damage    Failure   Level
 Irradiate                Conj/Tmut      23%        3d21      7%          5
 Shock                    Conj/Air       100%       1d9       1%          1
 Passwall                 Tmut/Erth      69%        N/A       1%          2
 Scorch                   Fire           38%        2d7       2%          2
 Flame Wave               Conj/Fire      42%        2d9       3%          4
 Animate Skeleton         Necr           42%        N/A       4%          1
 Pain                     Necr           84%        1d8       4%          1
 Inner Flame              Hex/Fire       19%        N/A       4%          3
 Vampiric Draining        Necr           21%        2d7       14%         3
 Portal Projectile        Hex/Tloc       38%        N/A       16%         3
 Tukima's Dance           Hex            19%        N/A       16%         3
 Yara's Violent Unravell  Hex/Tmut       11%        3d6       28%         5
 Cause Fear               Hex            9%         N/A       45%         4
 Passage of Golubria      Tloc           19%        N/A       45%         4
 Blade Hands              Tmut           13%        N/A       65%         5
 Excruciating Wounds      Necr           10%        N/A       77%         5
 Summon Cactus Giant      Summ           9%         N/A       100%        6
 Discord                  Hex            9%         N/A       100%        8
 Infestation              Necr           10%        N/A       100%        8
 Maxwell's Capacitive Co  Air            9%         ∞         100%        8
 Death's Door             Necr           10%        N/A       100%        9


Dungeon Overview and Level Annotations

Branches:
Dungeon (13/15)            Temple (1/1) D:4            Lair (0/6) D:9
    Orc (2/2) D:11            Elf (0/3) Orc:2
 Vaults: D:13-14

Altars:
Ashenzari
Cheibriados
Dithmenos
Elyvilon
Fedhas
Gozag
Hepliaklqana
Kikubaaqudgha
Makhleb
Nemelex Xobeh
Okawaru
Qazlal
Ru
Sif Muna
Trog
Uskayaw
Vehumet
Wu Jian
Xom
Yredelemnul
Zin
The Shining One
Beogh

Shops:
D:1 :   D:3 !   D:6 (

Annotations:
D:3 2 transporters
D:7 1 transporter
D:12 1 runed translucent door, kelmiir's ghost, journeyman GnEE


Innate Abilities, Weirdness & Mutations

You are immune to sickness and miasma.
Your stone body is resilient. (AC +9)
You are immune to poison.
You resist negative energy. (rN+)
You are resistant to electric shocks. (rElec)
You are resistant to unholy torment.
You are immune to petrification.


Message History

The ogre mage is heavily wounded.
Aiming: Stone Arrow (safe; 1% risk of failure)
Press: ? - help, Q - select action, (/) - cycle Shift-Dir - straight line, f/p - ogre mage
Aim: an ogre mage, wielding a +1 antimagic halberd and wearing a +0 robe (heavily wounded, slightly transparent, 87% to hit)
You feel a strong surge of power!
The stone arrow hits the ogre mage!!
You kill the ogre mage!
Vehumet accepts your kill.
You feel your power returning.
You start resting.
Your extra speed is starting to run out.
You start resting.
You feel yourself slow down.
You start resting.
A two-headed ogre comes into view. It is wielding two +0 giant clubs.
A two-headed ogre is nearby!
The two-headed ogre shouts in stereo!
Items here: )) [ †.
Okay, then.
Unknown command.
Unknown command.
You feel a strong surge of power!
The stone arrow hits the two-headed ogre!
The two-headed ogre is moderately wounded.
You feel a strong surge of power!
The stone arrow hits the two-headed ogre!
The two-headed ogre is heavily wounded.
You feel a strong surge of power!
The stone arrow hits the two-headed ogre.
The two-headed ogre is heavily wounded.
The two-headed ogre hits you with a +0 giant club!!
* * * LOW HITPOINT WARNING * * *
The two-headed ogre hits you but does no damage.
Aiming: Stone Arrow (safe; 1% risk of failure)
Press: ? - help, Q - select action, (/) - cycle Shift-Dir - straight line, f/p - two-headed ogre
Aim: a two-headed ogre, wielding two +0 giant clubs (heavily wounded, 89% to hit)
You feel a strong surge of power!
The stone arrow hits the two-headed ogre!!
The two-headed ogre is almost dead.
The two-headed ogre hits you with a +0 giant club!!
You die...

#......#.....≈.##...
##.#...........#≈#..O
#...........#..≈#≈..#
##..........≈#...≈#...
#.....).#...≈#.....≈).
###........)..≈#.....)).
#.....).......≈#####....
#.......O......≈≈≈≈≈.....
##.###..@.........).)....
# ##..........)).....#
#............).....
....................
................#...
......#..........#...
.......#..............
.................#....<


You could see a two-headed ogre.

Vanquished Creatures
  Nessos (D:13)
  Erolcha (D:11)
  A boulder beetle (D:13)
  2 ogre magi (Orc:2)
  A hydra (D:11)
  A catoblepas (D:8)
  2 centaur warriors
  10 two-headed ogres
  Nergalle (D:11)
  A deep elf pyromancer (D:13)
  An ugly thing (D:9)
  5 cyclopes
  2 manticores
  A slime creature (D:13)
  2 gargoyles (D:13)
  2 rime drakes
  A kobold demonologist (D:9)
  A komodo dragon (D:9)
  9 trolls
  A shadow (D:11)
  3 wyverns
  A vampire (D:12)
  18 yaks
  A steam dragon (D:9)
  A warg (Orc:2)
  10 vampire mosquitoes
  An acid dragon (D:13)
  A water moccasin (D:8)
  Duvessa (D:6)
  3 sky beasts
  17 orc warriors
  7 ogres
  3 centaurs
  A kobold brigand (D:8)
  3 bullfrogs
  A gnoll sergeant (D:5)
  A wyvern zombie (D:8)
  Dowan (D:6)
  2 jellies
  13 killer bees
  16 wights
  2 howler monkeys
  10 centaur zombies
  2 bullfrog zombies
  3 hounds
  2 gnoll shamans
  10 orc priests
  Crazy Yiuf (D:2)
  A bullfrog skeleton (D:5)
  2 iguanas
  8 orc wizards
  A killer bee zombie (D:8)
  3 howler monkey zombies
  12 gnolls
  13 adders
  A shadow imp (D:7)
  An ufetubus (D:4)
  An adder skeleton (D:4)
  An adder zombie (D:5)
  2 worms
  2 dart slugs
  50 orcs
  7 bats
  6 endoplasms
  3 giant cockroaches
  12 goblins
  4 hobgoblins
  7 jackals
  5 kobolds
  3 quokkas
  6 ball pythons
  5 frilled lizards
  8 rats
345 creatures vanquished.

Vanquished Creatures (collateral kills)
  A cyclops (D:10)
  A sky beast (D:8)
  An orc priest (D:8)
3 creatures vanquished.

Vanquished Creatures (others)
  41 plants (D:9)
41 creatures vanquished.

Grand Total: 389 creatures vanquished

Notes
Turn   | Place    | Note
-------+----------+-------------------------------------------
     0 | D:1      | Gabide the Gargoyle Earth Elementalist began the quest for
                  | the Orb.
     0 | D:1      | Reached XP level 1. HP: 10/10 MP: 3/3
   294 | D:1      | Reached skill level 4 in Earth Magic
   294 | D:1      | Reached XP level 2. HP: 7/16 MP: 0/5
   798 | D:1      | Found Boxkauwn's Book Shop.
   869 | D:1      | Reached XP level 3. HP: 9/20 MP: 0/6
  1710 | D:2      | Reached skill level 1 in Fighting
  1799 | D:2      | Reached XP level 4. HP: 25/25 MP: 3/7
  2210 | D:2      | Found a faded altar of an unknown god.
  2307 | D:2      | Identified the +1 robe "Xaokeirgh" {Dex+2}
  2531 | D:2      | Learned a level 3 spell: Stone Arrow
  2587 | D:2      | Found a runed translucent door.
  2592 | D:2      | Noticed Crazy Yiuf
  2608 | D:2      | Killed Crazy Yiuf
  2609 | D:2      | Reached skill level 5 in Earth Magic
  2609 | D:2      | Reached XP level 5. HP: 21/29 MP: 4/9
  3044 | D:3      | Found a transporter.
  3051 | D:3      | Found a transporter.
  3218 | D:3      | Found Oni Veis's Distillery.
  3231 | D:3      | Bought a potion of heal wounds for 50 gold pieces
  3231 | D:3      | Bought a potion of heal wounds for 50 gold pieces
  3799 | D:4      | Found a staircase to the Ecumenical Temple.
  3807 | Temple   | Entered the Ecumenical Temple
  4088 | Temple   | Became a worshipper of Vehumet
  4444 | D:4      | Reached XP level 6. HP: 27/35 MP: 0/11
  4852 | D:5      | Entered Level 5 of the Dungeon
  4993 | D:5      | Reached skill level 6 in Earth Magic
  5296 | D:5      | Reached XP level 7. HP: 28/40 MP: 7/13
  5840 | D:5      | Reached skill level 5 in Spellcasting
  5963 | D:5      | Reached skill level 7 in Earth Magic
  6101 | D:5      | Reached XP level 8. HP: 45/45 MP: 5/15
  6677 | D:6      | Found Sastal's Antique Weapon Shop.
  7150 | D:6      | Noticed Duvessa
  7154 | D:6      | Noticed Dowan
  7157 | D:6      | Killed Duvessa
  7158 | D:6      | Reached skill level 1 in Conjurations
  7161 | D:6      | Killed Dowan
  8385 | D:6      | Reached skill level 8 in Earth Magic
  8989 | D:6      | Reached * piety under Vehumet
  8989 | D:6      | Offered knowledge of Shock by Vehumet.
  9216 | D:7      | Reached XP level 9. HP: 43/52 MP: 3/19
 10308 | D:7      | Reached skill level 9 in Earth Magic
 10499 | D:7      | Found a sparkling altar of Nemelex Xobeh.
 10499 | D:7      | Found a transporter.
 10956 | D:8      | Found a flagged portal.
 11495 | D:8      | Reached skill level 10 in Earth Magic
 11702 | D:8      | Noticed a troll
 11706 | D:8      | Killed a troll
 11707 | D:8      | Reached skill level 5 in Fighting
 11707 | D:8      | Reached XP level 10. HP: 59/59 MP: 11/21
 11786 | D:8      | Found a basalt altar of Yredelemnul.
 11788 | D:8      | Offered knowledge of Searing Ray by Vehumet.
 11794 | D:8      | Reached ** piety under Vehumet
 12415 | D:8      | Reached skill level 1 in Maces & Flails
 12678 | D:8      | Noticed a two-headed ogre
 12691 | D:8      | Killed a two-headed ogre
 12692 | D:8      | Reached skill level 11 in Earth Magic
 13702 | D:8      | Noticed a catoblepas
 13710 | D:8      | Killed a catoblepas
 13774 | D:8      | Identified the +4 hand axe of Gallantry {flame, rN+ Str+2}
 13841 | D:8      | Offered knowledge of Poisonous Vapours by Vehumet.
 13985 | D:8      | Noticed a centaur warrior
 13988 | D:8      | Killed a centaur warrior
 13989 | D:8      | Reached XP level 11. HP: 51/64 MP: 13/24
 14166 | D:8      | Reached skill level 12 in Earth Magic
 14327 | D:9      | Noticed a manticore
 14332 | D:9      | Killed a manticore
 14445 | D:9      | Noticed a two-headed ogre
 14455 | D:9      | Killed a two-headed ogre
 14458 | D:9      | Reached *** piety under Vehumet
 14789 | D:9      | Reached skill level 5 in Dodging
 14844 | D:9      | Noticed a green ugly thing
 14857 | D:9      | Killed a green ugly thing
 14998 | D:9      | Reached skill level 10 in Spellcasting
 15304 | D:9      | Offered knowledge of Olgreb's Toxic Radiance by Vehumet.
 15630 | D:9      | Found a staircase to the Lair.
 15830 | D:9      | Learned a level 4 spell: Petrify
 15865 | D:10     | Entered Level 10 of the Dungeon
 15869 | D:10     | Noticed a cyclops
 15887 | D:10     | Killed a cyclops
 15888 | D:10     | Reached skill level 5 in Conjurations
 17238 | D:11     | Found a staircase to the Orcish Mines.
 17242 | D:11     | Noticed a cyclops
 17244 | D:11     | Reached skill level 13 in Earth Magic
 17530 | D:11     | Killed a cyclops
 17820 | D:11     | Noticed Erolcha
 17825 | D:11     | Killed Erolcha
 17826 | D:11     | Reached XP level 12. HP: 71/71 MP: 13/26
 17938 | D:11     | Noticed Nergalle
 17944 | D:11     | Killed Nergalle
 18249 | D:11     | Noticed a five-headed hydra
 18255 | D:11     | Killed a five-headed hydra
 19069 | D:12     | Reached **** piety under Vehumet
 19070 | D:12     | Reached skill level 1 in Transmutations
 19304 | D:12     | Found a runed translucent door.
 19369 | D:12     | Noticed a two-headed ogre
 19375 | D:12     | Killed a two-headed ogre
 19376 | D:12     | Reached skill level 14 in Earth Magic
 19547 | D:12     | Offered knowledge of Frozen Ramparts by Vehumet.
 19705 | D:12     | Found a flickering gateway to a bazaar.
 19714 | Bazaar   | Entered a bazaar
 19714 | Bazaar   | Found Ewekh's Weapon Emporium.
 19714 | Bazaar   | Found Deli's Antique Weapon Shoppe.
 19714 | Bazaar   | Found Bayhibyt's Jewellery Emporium.
 19714 | Bazaar   | Found Istreza's Book Shoppe.
 19734 | Bazaar   | Identified a scroll of acquirement
 19734 | Bazaar   | Acquired Gabide's Guide on the Birds and Evil
 19742 | Bazaar   | Learned a level 5 spell: Borgnjor's Vile Clutch
 19748 | Bazaar   | Bought an amulet of magic regeneration for 600 gold pieces
 19841 | D:12     | Noticed kelmiir's ghost (journeyman GnEE)
 20091 | D:13     | Noticed a boulder beetle
 20099 | D:13     | Killed a boulder beetle
 20160 | D:13     | Noticed a centaur warrior
 20169 | D:13     | Killed a centaur warrior
 20357 | D:13     | Noticed Nessos
 20363 | D:13     | Killed Nessos
 20970 | D:13     | Reached XP level 13. HP: 52/78 MP: 9/28
 21490 | D:13     | Reached skill level 15 in Earth Magic
 21907 | Orc:1    | Entered Level 1 of the Orcish Mines
 22056 | Orc:2    | Entered Level 2 of the Orcish Mines
 22075 | Orc:2    | Found a staircase to the Elven Halls.
 22900 | Orc:1    | HP: 1/78 [troll (11)]
 23378 | Orc:2    | Reached ***** piety under Vehumet
 23387 | Orc:2    | Offered knowledge of Irradiate by Vehumet.
 23411 | Orc:2    | HP: 1/78 [two-headed ogre/+0 giant club (17)]
 23480 | Orc:2    | Slain by a two-headed ogre

Illustrated notes

Levels and vault maps discovered:
D:1:      dpeg_arrival_snail, layout_basic, serial_shops, shop,
          minmay_split_cup_small
D:2:      layout_loops_ring, basic_ecumenical_altar, minivault_26,
          minmay_tetromino_i4, uniq_crazy_yiuf_cottage
D:3:      gammafunk_wand_slinger, layout_loops_ring, serial_aquarium,
          aquarium_bridge_square [aquarium_subvault_balcony,
          aquarium_subvault_bridge, aquarium_subvault_bridge,
          aquarium_subvault_bridge], aquarium_bridge_long_joined
          [aquarium_subvault_wall, aquarium_subvault_bridge,
          aquarium_subvault_wall, aquarium_subvault_wall,
          aquarium_subvault_window, aquarium_subvault_balcony],
          aquarium_window_corridor_1, aquarium_window_1, aquarium_window_fake,
          aquarium_view_2c, serial_shops, shop, minmay_quantized
D:4:      layout_loops_ring, minmay_temple_entry_fiery
D:5:      layout_gridville, minmay_misc_feat_plants
D:6:      layout_layer_cave, serial_shops, shop, minmay_misc_feat_alley,
          kennysheep_generic_room_6, uniq_duvessa
D:7:      layout_rooms, grunt_nemelex_the_gamble
D:8:      cheibrodos_ideogram_h, layout_basic, nicolae_yredelemnul_corpse_copse,
          enter_bailey_5
D:9:      layout_loops_ring, david_lair_shrubbed
D:10:     layout_grid_maze, hangedman_decor_clover_reticule
D:11:     layout_irregular_city, david_orc_3,
          nicolae_concentric_dashed_squares_mild, grunt_decor_junction,
          uniq_erolcha, uniq_nergalle
D:12:     layout_long_grid, serial_shops, bzr_entry_islet,
          ebering_ghost_reflecting_pool
D:13:     layout_roguey [special_room_orc], uniq_nessos
Temple:   mainiacjoe_temple_cubbyholes
Orc:1:    layout_diamond_mine
Orc:2:    st_orc_ogre_mass, layout_caves, portal_ice_cave_rime,
          nicolae_orc_lava_tube, uniq_rupert

Skill      XL: |  1  2  3  4  5  6  7  8  9 10 11 12 13 |
---------------+----------------------------------------+-----
Earth Magic    | 4 5 6 7 8 10 11 13 14 15 | 15.5
Fighting       | 1 2 3 5 6 7 8 |  8.3
Spellcasting   | 3 4 5 6 7 9 10 11 12 | 12.4
Dodging        | 2 3 4 5 6 |  6.7
Conjurations   | 1 3 4 5 6 7 |  7.3
Stealth        | 3 4 |  4.4
Maces & Flails | 1 |  1.4
Transmutations | 1 |  1.1
Armour         | |  0.2
Unarmed Combat | |  0.1
Necromancy     | |  0.2

Action                   |  1- 3 |  4- 6 |  7- 9 | 10-12 | 13-15 || total
-------------------------+-------+-------+-------+-------+-------++-------
Melee: Unarmed           |    21 |       |       |       |       ||    21
       Mace              |       |     2 |     2 |       |       ||     4
       Whip              |       |       |    16 |    26 |       ||    42
       Punch             |       |       |       |     1 |       ||     1
 Cast: Sandblast         |    50 |    96 |     8 |    15 |     4 ||   173
       Stone Arrow       |       |       |   122 |   299 |   114 ||   535
       Petrify           |       |       |       |     7 |       ||     7
       Borgnjor's Vile C |       |       |       |     5 |     3 ||     8
  Use: Scroll            |     1 |     3 |    16 |     7 |     3 ||    30
       Potion            |       |       |       |       |    10 ||    10
 Stab: Petrified         |       |       |       |     5 |       ||     5
Armor: Robe              |    22 |     9 |    28 |    60 |    24 ||   143
       Troll leather arm |       |       |       |     1 |       ||     1
Dodge: Dodged            |    47 |    28 |    50 |    81 |    33 ||   239
